 Dungeon Crawl Stone Soup version 0.29-a0-822-ga620ab95ad (webtiles) character file.

Game seed: 7136927174482642302

208 Locuples the Cudgeller (level 5, -3/48 HPs)
             Began as a Minotaur Chaos Knight on July 8, 2022.
             Was a Plaything of Xom.
             Slain by an iron imp (7 damage)
             ... summoned by Xom
             ... on level 3 of the Dungeon.
             The game lasted 00:07:08 (2509 turns).

Locuples the Cudgeller (Minotaur Chaos Knight)      Turns: 2509, Time: 00:07:09

Health: -3/48      AC: 12    Str: 17    XL:     5   Next: 55%
Magic:  4/4        EV:  5    Int:  9    God:    Xom [......]
Gold:   106        SH:  0    Dex: 11    Spells: 4/4 levels left

rFire   . . .      SeeInvis .   a - +0 mace (chaos)
rCold   . . .      Faith    .   (no shield)
rNeg    . . .      Spirit   .   j - +0 plate armour
rPois   .          Reflect  .   (helmet restricted)
rElec   .          Harm     .   (no cloak)
rCorr   .          Rampage  .   f - +0 pair of gloves
Will    .....                   (no boots)
Stlth   ..........              n - amulet of the acrobat
HPRegen 0.16/turn               (no ring)
MPRegen 0.09/turn               (no ring)

@: no status effects
A: horns 2, retaliatory headbutt
a: Renounce Religion


You were on level 3 of the Dungeon.
You worshipped Xom.
You were a very special plaything of Xom.
You visited 1 branch of the dungeon, and saw 3 of its levels.
You also visited: Sewer.

You collected 106 gold pieces.

Inventory:

Hand Weapons
 a - a +0 mace of chaos (weapon)
Armour
 f - a +0 pair of gloves (worn)
 j - a +0 plate armour (worn)
Jewellery
 n - an amulet of the acrobat (around neck)
Scrolls
 b - a scroll of acquirement {unknown}
 d - a scroll of enchant weapon {unknown}
 h - a scroll of silence {unknown}
 l - 2 scrolls of amnesia {unknown}
 o - a scroll of immolation {unknown}
 r - a scroll of fog {unknown}
 s - a scroll of vulnerability {unknown}
 u - 4 scrolls of identify
 v - a scroll of teleportation {unknown}
 w - a scroll of enchant armour {unknown}
Potions
 e - 4 potions of flight
 g - 3 potions of degeneration
 i - a potion of mutation {unknown}
 k - 5 potions of curing
 m - a potion of ambrosia {unknown}
 p - 2 potions of berserk rage {unknown}
 q - 2 potions of might {unknown}
 t - 2 potions of invisibility {unknown}
Miscellaneous
 c - a piece from Xom's chessboard (15/15) (quivered)


   Skills:
 + Level 5.0 Fighting
 + Level 5.8 Maces & Flails
 + Level 3.7 Armour
 + Level 1.8 Dodging


You had 4 spell levels left.
You didn't know any spells.
Your spell library was empty.

Dungeon Overview and Level Annotations

Branches:
Dungeon (3/15)              Sewer (visited)

Altars:


Innate Abilities, Weirdness & Mutations

You have a pair of horns on your head.
You reflexively headbutt those who attack you in melee.


Message History

The iron imp hits you!
The iron imp hits you but does no damage.
The ufetubus hits you but does no damage.
The ufetubus barely misses you.
You closely miss the bat.
The bat is moderately wounded.
The bat hits you but does no damage. The bat closely misses you.
The ufetubus hits you but does no damage. x2
The iron imp hits you!
The iron imp hits you but does no damage.
The bat barely misses you.
You closely miss the bat. You headbutt the bat.
The bat is heavily wounded.
The bat hits you but does no damage.
The ufetubus hits you but does no damage. x2
The iron imp hits you.
* * * LOW HITPOINT WARNING * * *
The bat barely misses you.
The ufetubus hits you but does no damage. x2
The iron imp hits you but does no damage.
The ball python hisses angrily.
You thump the ufetubus!
You kill the ufetubus!
The ufetubus degenerates into a cloud of primal chaos!
The bat hits you but does no damage. x2
The iron imp hits you but does no damage.
The iron imp hits you.
* * * LOW HITPOINT WARNING * * *
The bat closely misses you. You furiously retaliate!
You headbutt the bat.
You kill the bat!
You see here a bat corpse.
The iron imp grins evilly.
You closely miss the iron imp.
The iron imp is lightly wounded.
The iron imp hits you!
* * * LOW HITPOINT WARNING * * *
You barely miss the iron imp.
The iron imp is lightly wounded.
The iron imp hits you!
You die...

#.....# .#
#.##≈
#.####.## .##
#. #≈
#.#.###.#.#
#.≈..
##.#...#.#
#### ##.###.#
##.#..# ##.# #
#########.#.#
#.....@5SB#.#
#.#######S#.#
#†..#
#.#.#####..###
#..
......S......#
#.#
######B####.#
#.# #†# ...
#.#


oS# ...# #.# llo# .... You could see an iron imp (summoned), a giant cockroach
and 2 ball pythons.

Vanquished Creatures
  Natasha (D:3)
  A gnoll (D:1)
  8 adders
  2 river rats (Sewer)
  2 worms
  2 dart slugs (D:1)
  3 orcs (D:3)
  4 endoplasms
  4 giant cockroaches
  3 goblins (D:1)
  2 hobgoblins
  3 jackals (Sewer)
  2 quokkas (D:1)
  5 ball pythons
  18 bats
  4 frilled lizards
  7 kobolds
  3 rats
74 creatures vanquished.

Notes
Turn   | Place    | Note
-------+----------+-------------------------------------------
     0 | D:1      | Locuples the Minotaur Chaos Knight began the quest for the
                  | Orb.
     0 | D:1      | Reached XP level 1. HP: 19/19 MP: 0/0
   227 | D:1      | XOM: divination: detect items
   255 | D:1      | Reached XP level 2. HP: 26/27 MP: 1/1
   323 | D:1      | XOM is BORED!
   464 | D:1      | Reached XP level 3. HP: 33/33 MP: 2/2
   828 | D:1      | XOM: scenery: 1 doors close
   900 | D:2      | XOM: 3-stop teleportation journey
  1227 | D:2      | Found a faded altar of an unknown god.
  1265 | D:2      | XOM: silly message
  1331 | D:3      | Noticed Natasha
  1332 | D:3      | XOM: noise
  1336 | D:3      | Killed Natasha
  1337 | D:3      | Reached XP level 4. HP: 41/41 MP: 3/3
  1430 | D:3      | Found a glowing drain.
  1441 | D:3      | Reached skill level 5 in Maces & Flails
  1443 | Sewer    | Entered a sewer
  1797 | Sewer    | XOM: silly message
  1804 | Sewer    | Reached XP level 5. HP: 36/47 MP: 4/4
  1988 | Sewer    | XOM: noise
  2122 | Sewer    | XOM: smoke on damage
  2131 | Sewer    | Reached skill level 5 in Fighting
  2445 | D:3      | XOM: 3-stop teleportation journey
  2490 | D:3      | Noticed a glowing shapeshifter
  2490 | D:3      | an adder changed into a glowing shapeshifter
  2490 | D:3      | XOM: polymorph adder -> glowing shapeshifter
  2490 | D:3      | Noticed a swamp dragon
  2490 | D:3      | a glowing shapeshifter changed into a swamp dragon
  2492 | D:3      | Noticed a swamp worm
  2492 | D:3      | a swamp dragon changed into a swamp worm
  2493 | D:3      | XOM: summons 3 hostile demons
  2493 | D:3      | Noticed a sea snake
  2493 | D:3      | a swamp worm changed into a sea snake
  2509 | D:3      | Slain by an iron imp

Illustrated notes

Levels and vault maps discovered:
D:1:      pf_arrival_petrified_forest, layout_basic
D:2:      layout_rooms, hellmonk_ecumenical_altar_prayer_group,
          grunt_decor_arrowhead
D:3:      layout_loops_ring, cheibrodos_sewer_entry_sluice, minmay_pentangle,
          uniq_natasha

Skill      XL: |  1  2  3  4  5 |
---------------+----------------+-----
Fighting       | 4 5 |  5.0
Maces & Flails | 4 5 |  5.8
Armour         | 3 |  3.7
Dodging        | |  1.8

Action                   |  1- 3 |  4- 6 || total
-------------------------+-------+-------++-------
Melee: Mace              |    56 |   125 ||   181
       Headbutt          |     6 |    12 ||    18
       Punch             |     1 |       ||     1
Evoke: Piece from Xom's  |       |     1 ||     1
  Use: Scroll            |     1 |     1 ||     2
Armor: Ring mail         |    23 |       ||    23
       Plate armour      |    17 |   152 ||   169
Dodge: Dodged            |    39 |   103 ||   142

Table legend: (Time is in decaauts)
 A = Elapsed time spent in this place.
 B = Non-inter-level travel time spent in this place.
 C = Inter-level travel time spent in this place.
 D = Time resting spent in this place.
 E = Time spent auto-exploring this place.
 F = Levels seen in this place.
 G = Mean time per level.
                   A        B        C        D        E       F      G
               +--------+--------+--------+--------+--------+-----+--------+
         Total |   2709 |   2709 |      0 |      0 |   2001 |   4 |  677.2 |
       Dungeon |   1532 |   1532 |      0 |      0 |   1121 |   3 |  510.7 |
         Sewer |   1176 |   1176 |      0 |      0 |    879 |   1 | 1176.0 |
               +--------+--------+--------+--------+--------+-----+--------+

Top non-repeatable levels by time:
   Sewer: 1176 daAuts
     D:1: 871 daAuts
     D:2: 433 daAuts
     D:3: 228 daAuts
